 Dungeon Crawl Stone Soup version 0.24.0-13-gcf9b3192b9 (webtiles) character file.

Game seed: 3994426476131356667, levelgen mode: deterministic

104 Delamore the Chopper (level 4, -1/39 HPs)
             Began as a Hill Orc Monk on Nov 5, 2019.
             Slain by a bullfrog (4 damage)
             ... on level 2 of the Dungeon.
             The game lasted 00:02:37 (1983 turns).

Delamore the Chopper (Hill Orc Monk)                Turns: 1983, Time: 00:02:38

Health: -1/39      AC:  7    Str: 14    XL:     4   Next: 80%
Magic:  4/4        EV: 11    Int: 10    God:
Gold:   46         SH:  0    Dex: 13    Spells: 3/3 levels left

rFire    . . .     SeeInvis .   a - +0 hand axe
rCold    . . .     Gourm    .   (no shield)
rNeg     . . .     Faith    .   d - +0 ring mail
rPois    .         Spirit   .   (no helmet)
rElec    .         Reflect  .   o - +1 cloak
rCorr    .         Harm     .   (no gloves)
MR       .....                  (no boots)
Stlth    +.........             (no amulet)
HPRegen  0.13/turn              (no ring)
MPRegen  0.09/turn              (no ring)

@: lightly drained
A: no striking features
a: no special abilities


You were on level 2 of the Dungeon.
You were hungry.

You visited 1 branch of the dungeon, and saw 3 of its levels.

You collected 46 gold pieces.

Inventory:

Hand Weapons
 a - a +0 hand axe (weapon)
Missiles
 m - 6 poisoned darts (quivered)
Armour
 d - a +0 ring mail (worn)
 o - a +1 cloak (worn)
Scrolls
 e - a scroll of enchant weapon {unknown}
 g - a scroll of fog {unknown}
 h - 4 scrolls of remove curse {unknown}
 j - a scroll of fear {unknown}
 k - a scroll of amnesia {unknown}
 l - a scroll of identify {unknown}
Potions
 b - a potion of might {unknown}
 i - a potion of magic {unknown}
 n - 2 potions of heal wounds
Comestibles
 c - 2 rations


   Skills:
 - Level 3.6(3.5) Fighting
 + Level 6.4 Axes
 + Level 2.1 Armour
 - Level 2.4(2.3) Dodging
 - Level 1.5 Stealth


You had 3 spell levels left.
You didn't know any spells.
Your spell library was empty.

Dungeon Overview and Level Annotations

Branches:
Dungeon (3/15)

Altars:


Message History

The bullfrog hits you.
* * * LOW HITPOINT WARNING * * *
You closely miss the bullfrog.
The bullfrog is heavily wounded.
The bullfrog barely misses you.
You barely miss the bullfrog.
The bullfrog is heavily wounded.
The bullfrog hits you but does no damage. x2
You hit the bullfrog.
The bullfrog is severely wounded.
The bullfrog hits you but does no damage.
You closely miss the bullfrog.
The bullfrog is severely wounded.
The bullfrog hits you.
* * * LOW HITPOINT WARNING * * *
The bullfrog hits you but does no damage.
You hit the bullfrog.
The bullfrog is severely wounded.
The bullfrog hits you.
You die...

#..(...#......#.#..<..........
#......#..(.....##.###.......#
###......#.........#............
#...........#................###
#...............................
#...............#............##.
###.............#.....###.......
#.........>..†#...............
#............@F...............
#..........#..(..+#....##...#.
#.........##.....++.....#...#.
####......##.....##...(.#.#+##
####........##.....##(....#.....
#.........#####+#.........#.....
#.........# #.#.....#+###.....
#.........# #.##....#.# #.....
#.........# ###.........# ##'###


You could see a bullfrog.

Vanquished Creatures
  Crazy Yiuf (D:2)
  Terence (D:2)
  An ooze (D:3)
  2 dart slugs (D:1)
  A leopard gecko (D:2)
  2 giant cockroaches
  3 goblins
  6 hobgoblins
  5 jackals
  5 kobolds
  5 bats
  2 frilled lizards (D:1)
  8 rats
42 creatures vanquished.

Notes
Turn   | Place    | Note
-------+----------+-------------------------------------------
     0 | D:1      | Delamore the Hill Orc Monk began the quest for the Orb.
     0 | D:1      | Reached XP level 1. HP: 19/19 MP: 1/1
   269 | D:1      | Reached XP level 2. HP: 11/26 MP: 2/2
   618 | D:1      | Reached skill level 5 in Axes
   708 | D:1      | Reached XP level 3. HP: 24/31 MP: 3/3
   709 | D:1      | Reached skill level 1 in Armour
  1014 | D:2      | Noticed Terence
  1029 | D:2      | Killed Terence
  1029 | D:2      | Reached XP level 4. HP: 16/39 MP: 4/4
  1309 | D:2      | Reached skill level 6 in Axes
  1568 | D:2      | Found a runed translucent door.
  1569 | D:2      | Noticed Crazy Yiuf
  1580 | D:2      | Killed Crazy Yiuf
  1961 | D:3      | Noticed a bullfrog
  1983 | D:2      | Slain by a bullfrog

Levels and vault maps discovered:
D:1:      lemuel_arrival_cross, layout_rooms
D:2:      layout_basic, uniq_crazy_yiuf_cottage, uniq_terence
D:3:      layout_rooms, first_ration

Skill      XL: |  1  2  3  4 |
---------------+-------------+-----
Axes           | 5 6 |  6.4
Armour         | 1 2 |  2.1
Fighting       | |  3.6
Dodging        | |  2.4
Stealth        | |  1.5

Action                   |  1- 3 |  4- 6 || total
-------------------------+-------+-------++-------
Melee: Hand axe          |   104 |    62 ||   166
Throw: Dart              |       |     1 ||     1
  Use: Potion            |       |     1 ||     1
 Stab: Sleeping          |       |     1 ||     1
  Eat: Chunk             |       |     3 ||     3
Armor: Ring mail         |    63 |    26 ||    89
       Robe              |     1 |       ||     1
Dodge: Dodged            |    89 |    36 ||   125
